 Dungeon Crawl Stone Soup version 0.29-a0-559-g359e09b9d1 (webtiles) character file.

Game seed: 11398769717729437169

72 cheechan the Gusty (level 4, -2/27 HPs)
             Began as an Octopode Air Elementalist on June 9, 2022.
             Was an Initiate of Elyvilon.
             Slain by an orc
             ... wielding a +0 dagger
              (4 damage)
             ... on level 3 of the Dungeon.
             The game lasted 00:08:07 (1739 turns).

cheechan the Gusty (Octopode Air Elementalist)      Turns: 1739, Time: 00:08:08

Health: -2/27      AC:  1    Str:  7    XL:     4   Next: 25%
Magic:  7/7        EV: 13    Int: 17    God:    Elyvilon [......]
Gold:   136        SH:  0    Dex: 14    Spells: 1/7 levels left

rFire   . . .      SeeInvis .   k - +0 quarterstaff
rCold   . . .      Faith    +   (shield currently unavailable)
rNeg    . . .      Spirit   .   (helmet restricted)
rPois   .          Reflect  .   e - amulet of faith
rElec   .          Harm     .   (no ring)
rCorr   .          Rampage  .   (no ring)
Will    .....                   (no ring)
Stlth   +++.......              (no ring)
HPRegen 0.09/turn               (no ring)
MPRegen 0.10/turn               (no ring)
                                (no ring)
                                (no ring)

@: no status effects
A: almost no armour, amphibious, 8 rings, camouflage 1, gelatinous body 1,
(nimble swimmer 1), tentacles
a: Renounce Religion


You were on level 3 of the Dungeon.
You worshipped Elyvilon.
Elyvilon was noncommittal.
You visited 1 branch of the dungeon, and saw 3 of its levels.

You collected 136 gold pieces.

Inventory:

Hand Weapons
 b - a +0 spear
 k - a +0 quarterstaff (weapon)
Missiles
 d - 4 stones
 g - 2 boomerangs
Jewellery
 e - an amulet of faith (around mantle)
 j - an amulet of guardian spirit
Potions
 a - a potion of magic
 c - 2 potions of curing {unknown}
 f - a potion of degeneration {unknown}
 m - 3 potions of brilliance
 n - a potion of attraction {unknown}


   Skills:
 + Level 0.2 Staves
 + Level 2.3 Dodging
 + Level 3.3 Stealth
 + Level 2.4 Spellcasting
 + Level 1.5 Conjurations
 + Level 4.0 Air Magic


You had one spell level left.
You knew the following spells:

 Your Spells              Type           Power      Damage    Failure   Level
a - Shock                 Conj/Air       44%        1d5       6%          1
b - Static Discharge      Conj/Air       11%        N/A       9%          2
c - Sting                 Tmut/Pois      8%         1d3       19%         1
d - Poisonous Vapours     Pois/Air       16%        N/A       12%         2

Your spell library contained the following spells:

 Spells                   Type           Power      Damage    Failure   Level
 Swiftness                Air            15%        N/A       11%         3
 Mephitic Cloud           Conj/Pois/Air  8%         N/A       26%         3
 Airstrike                Air            7%         N/A       34%         4
 Ignite Poison            Fire/Tmut/Pois 2%         N/A       50%         3
 Corpse Rot               Necr/Pois/Air  6%         N/A       71%         4
 Dispel Undead            Necr           2%         3d7       88%         4
 Olgreb's Toxic Radiance  Pois           2%         N/A       88%         4
 Freezing Cloud           Conj/Ice/Air   4%         6-21      94%         5
 Death Channel            Necr           1%         N/A       100%        6


Dungeon Overview and Level Annotations

Branches:
Dungeon (3/15)

Altars:
Elyvilon
Gozag

Shops:
D:2 !


Innate Abilities, Weirdness & Mutations

You cannot wear most types of armour.
You are amphibious.
You can wear up to eight rings at the same time.
Your skin changes colour to match your surroundings (Stealth+).
Your rubbery body absorbs attacks. (AC +1, EV +1)
((You are camouflaged when in or above water. (Stealth+)))
You have tentacles for arms and can constrict up to eight enemies at once.


Message History

Casting: Shock (safe; 6% risk of failure)
Confirm with . or Enter, or press ? or * to list all spells.
You can't see any susceptible monsters within range! (Use Z to cast anyway.)
Found a stone staircase leading down.
You now have 136 gold pieces (gained 9).
There is a stone staircase leading down here.
There is a stone staircase leading down here.
Found a stone staircase leading up.
Found a stone staircase leading down.
There is a stone staircase leading up here.
Found a hand axe. 2 orcs come into view. 2 orcs come into view.
The orc shouts!
An orc comes into view. It is wielding a +0 dagger.
Found 9 gold pieces.
The orc shouts!
The orc hits you with a +0 club.
The orc shouts! x3
You hit the orc. You grab the orc.
The orc is severely wounded.
You constrict the orc. The orc hits you with a +0 club.
The orc barely misses you. The orc hits you with a +0 dagger.
The orc hits you with a +0 club.
You hit the orc.
You kill the orc!
The orc hits you with a +0 club. The orc closely misses you.
The orc completely misses you.
You barely miss the orc. You grab the orc. You constrict the orc.
The orc closely misses you. The orc misses you.
The orc hits you with a +0 mace! The orc hits you with a +0 falchion.
You thump the orc!
You kill the orc!
The orc hits you with a +0 mace!
* * * LOW HITPOINT WARNING * * *
The orc completely misses you. The orc closely misses you.
The orc hits you with a +0 club.
* * * LOW HITPOINT WARNING * * *
The orc hits you with a +0 dagger.
You die...

*,*,####...#.##..#*,* ##.## *,
*,*............#.#*,**###...####,
,,*.####...#....>#*,,,,...#..>..,
,,,,.......###.#.########...#****
,,,,.......# #.#.........<.#*
****######################.#
,,,,,,,,,..................#
,,*,,*,,*..#..#.o#.)#..#...#
,,,,,,,,,.......@..........#
,,*,,*,,*..#..#.o#o.#..#...#
,,,,,,,,,...$..............#
*********#*#################


You could see 3 orcs.

Vanquished Creatures
  3 worms (D:2)
  6 orcs (D:3)
  6 bats
  4 endoplasms
  2 giant cockroaches
  7 goblins
  5 hobgoblins
  4 jackals (D:3)
  5 kobolds
  2 quokkas (D:2)
  2 ball pythons
  2 frilled lizards
  4 rats (D:1)
52 creatures vanquished.

Vanquished Creatures (others)
  6 plants (D:3)
6 creatures vanquished.

Grand Total: 58 creatures vanquished

Notes
Turn   | Place    | Note
-------+----------+-------------------------------------------
     0 | D:1      | cheechan the Octopode Air Elementalist began the quest for
                  | the Orb.
     0 | D:1      | Reached XP level 1. HP: 11/11 MP: 3/3
    77 | D:1      | Reached XP level 2. HP: 17/17 MP: 0/5
   272 | D:1      | Learned a level 2 spell: Static Discharge
   490 | D:1      | Reached XP level 3. HP: 21/21 MP: 1/6
  1103 | D:2      | Found Eregiah's Distillery.
  1161 | D:2      | Found a white marble altar of Elyvilon.
  1186 | D:2      | Became a worshipper of Elyvilon the Healer
  1362 | D:2      | Learned a level 1 spell: Sting
  1365 | D:2      | Learned a level 2 spell: Poisonous Vapours
  1556 | D:3      | Found a faded altar of an unknown god.
  1611 | D:3      | Found an opulent altar of Gozag.
  1619 | D:3      | Reached XP level 4. HP: 27/27 MP: 1/7
  1644 | D:3      | Reached skill level 4 in Air Magic
  1739 | D:3      | Slain by an orc

Illustrated notes

Levels and vault maps discovered:
D:1:      elethiomel_arrival_diamonds, layout_basic
D:2:      layout_loops_ring, serial_shops, nicolae_shop_hallway_plus,
          basic_altar
D:3:      layout_loops_ring, nicolae_gozag_seed_capital,
          hellmonk_ecumenical_altar_zigzags, serial_shops,
          nicolae_shop_statue_plus, nicolae_shop_hallway_plus,
          nicolae_shop_stone, shop, columned_hall_lemuel,
          kennysheep_flooded_box, serial_bayou_lagoon_a

Skill      XL: |  1  2  3  4 |
---------------+-------------+-----
Stealth        | 3 |  3.3
Air Magic      | 4 |  4.0
Staves         | |  0.2
Dodging        | |  2.3
Spellcasting   | |  2.4
Conjurations   | |  1.5

Action                   |  1- 3 |  4- 6 || total
-------------------------+-------+-------++-------
Melee: Spear             |    35 |       ||    35
       Constrict         |     9 |     4 ||    13
       Tentacles         |     8 |     3 ||    11
       Quarterstaff      |     3 |    10 ||    13
 Cast: Shock             |    50 |     4 ||    54
       Static Discharge  |     3 |       ||     3
  Use: Scroll            |     6 |       ||     6
 Stab: Sleeping          |     1 |       ||     1
Armor: Skin              |     5 |       ||     5
Dodge: Dodged            |    28 |    13 ||    41

Table legend: (Time is in decaauts)
 A = Elapsed time spent in this place.
 B = Non-inter-level travel time spent in this place.
 C = Inter-level travel time spent in this place.
 D = Time resting spent in this place.
 E = Time spent auto-exploring this place.
 F = Levels seen in this place.
 G = Mean time per level.
                   A        B        C        D        E       F      G
               +--------+--------+--------+--------+--------+-----+--------+
         Total |   1744 |   1744 |      0 |      0 |      0 |   3 |  581.3 |
       Dungeon |   1744 |   1744 |      0 |      0 |      0 |   3 |  581.3 |
               +--------+--------+--------+--------+--------+-----+--------+

Top non-repeatable levels by time:
     D:2: 812 daAuts
     D:1: 718 daAuts
     D:3: 213 daAuts
